 Dungeon Crawl Stone Soup version 0.26-a0-651-gb41185065b (webtiles) character file.

Game seed: 10355416826015211771

216 Flugslaktarn the Shield-Bearer (level 5, 0/50 HPs)
             Began as a Deep Dwarf Fighter on Oct 11, 2020.
             Slain by an ogre
             ... wielding a +0 giant club
              (18 damage)
             ... on level 4 of the Dungeon.
             The game lasted 00:00:31 (557 turns).

Flugslaktarn the Shield-Bearer (Deep Dwarf Fighter)  Turns: 557, Time: 00:00:32

Health: 0/50       AC:  9    Str: 20    XL:     5   Next: 61%
Magic:  5/5        EV:  7    Int:  8    God:
Gold:   46         SH:  9    Dex: 13    Spells: 4/4 levels left

rFire    . . .     SeeInvis .   a - +0 war axe
rCold    . . .     Faith    .   c - +0 kite shield
rNeg     . . .     Spirit   .   b - +0 scale mail
rPois    .         Reflect  .   (no helmet)
rElec    .         Harm     .   (no cloak)
rCorr    .         Rampage  .   i - +1 pair of gloves
MR       .....                  (no boots)
Stlth    ..........             (no amulet)
HPRegen  0.00/turn              (no ring)
MPRegen  0.09/turn              (no ring)

@: non-regenerating
A: damage resistance, heal wounds, sense surroundings 1, no regeneration
a: Heal Wounds


You were on level 4 of the Dungeon.
You visited 1 branch of the dungeon, and saw 4 of its levels.

You collected 46 gold pieces.

Inventory:

Hand Weapons
 a - a +0 war axe (weapon)
Armour
 b - a +0 scale mail (worn)
 c - a +0 kite shield (worn)
 i - a +1 pair of gloves (worn)
   (You found it on level 4 of the Dungeon)
Scrolls
 e - a scroll of remove curse {unknown}
 f - 5 scrolls of identify {unknown}
 h - a scroll of enchant armour {unknown}
Potions
 d - a potion of might
 g - a potion of lignification {unknown}


   Skills:
 * Level 4.0 Fighting
 * Level 4.1 Axes
 + Level 4.1 Armour
 + Level 4.1 Shields


You had 4 spell levels left.
You didn't know any spells.
Your spell library was empty.

Dungeon Overview and Level Annotations

Branches:
Dungeon (4/15)
 Temple: D:4-7

Altars:
Ashenzari


Innate Abilities, Weirdness & Mutations

You are resistant to damage.
You can heal yourself by infusing magical energy.
You passively map a small area around you.
You do not regenerate.


Message History

An ogre comes into view. It is wielding a +0 giant club.
The ogre shouts!
Found 12 sling bullets.
An ogre is nearby!
An ogre is nearby!
An ogre is nearby!
The ogre barely misses you.
Your shield and scale mail prevent you from hitting the ogre.
You block the ogre's attack.
You hit the ogre but do no damage. The ogre hits you with a +0 giant club.
You hit the ogre but do no damage.
The ogre hits you with a +0 giant club!!
Ouch! That really hurt!
You slash the ogre!
The ogre is moderately wounded.
The ogre barely misses you.
You closely miss the ogre.
The ogre is moderately wounded.
The ogre hits you with a +0 giant club!!
You die...

*, * * , ,, #+#.# * *
, .... , ,, * ,
...#### , ......
########## ....# * ,
........# ....#.#
.......#)##O...... ,
, .#.#....(.@.......
* ,
,,..........(......#
, , .#.(........#..#
,, #######.....#.#..#
,
#...........#.#..#.#
⌠ ,
#......#..##.#.#..#.#
+......##.##.#,...#.#
###.... #.##.###..#.#
#.... #..#.#.#..#.#


You could see an ogre.

Vanquished Creatures
  A scorpion (D:4)
  A quasit (D:4)
  A hound (D:4)
  An iguana (D:4)
  A hound skeleton (D:4)
  3 adders
  2 worms
  A dart slug (D:4)
  4 orcs (D:3)
  A ball python (D:3)
  3 bats
  3 goblins
  5 hobgoblins
  3 kobolds (D:3)
  A frilled lizard (D:2)
  A jackal skeleton (D:4)
  3 rats
35 creatures vanquished.

Notes
Turn   | Place    | Note
-------+----------+-------------------------------------------
     0 | D:1      | Flugslaktarn the Deep Dwarf Fighter began the quest for the
                  | Orb.
     0 | D:1      | Reached XP level 1. HP: 20/20 MP: 1/1
   163 | D:2      | Reached XP level 2. HP: 21/27 MP: 2/2
   243 | D:2      | Reached XP level 3. HP: 34/34 MP: 3/3
   372 | D:4      | Reached XP level 4. HP: 30/42 MP: 4/4
   470 | D:4      | Reached XP level 5. HP: 26/50 MP: 5/5
   483 | D:4      | Found a broken altar of Ashenzari.
   549 | D:4      | Noticed an ogre
   557 | D:4      | Slain by an ogre

Illustrated notes

Levels and vault maps discovered:
D:1:      dpeg_arrival_pits, layout_basic, minmay_vboxes
D:2:      layout_loops_cross, overflow_temple_1_default, minmay_misc_feat_x
D:3:      layout_loops_ring, grunt_temple_overflow_growth_and_decay,
          nemelex_xobeh_ov_fountains_minmay, gammafunk_temple_overflow_forgotten
D:4:      lemuel_upstairs_altar, layout_basic, minmay_temple_entry_waves,
          cheibrodos_ashenzari_chains

Skill      XL: |  1  2  3  4  5 |
---------------+----------------+-----
Fighting       | 3 4 |  4.0
Axes           | 3 4 |  4.1
Armour         | 4 |  4.1
Shields        | 4 |  4.1

Action                   |  1- 3 |  4- 6 || total
-------------------------+-------+-------++-------
Melee: War axe           |    79 |    47 ||   126
 Abil: Heal Wounds       |     1 |     2 ||     3
Armor: Scale mail        |    44 |    15 ||    59
Dodge: Dodged            |    20 |    16 ||    36
Block: Kite shield       |    41 |    19 ||    60

Table legend: (Time is in decaauts)
 A = Elapsed time spent in this place.
 B = Non-inter-level travel time spent in this place.
 C = Inter-level travel time spent in this place.
 D = Time resting spent in this place.
 E = Time spent auto-exploring this place.
 F = Levels seen in this place.
 G = Mean time per level.
                   A        B        C        D        E       F      G
               +--------+--------+--------+--------+--------+-----+--------+
         Total |    610 |    531 |     79 |      0 |    274 |   4 |  152.5 |
       Dungeon |    610 |    531 |     79 |      0 |    274 |   4 |  152.5 |
               +--------+--------+--------+--------+--------+-----+--------+

Top non-repeatable levels by time:
     D:4: 210 daAuts
     D:1: 166 daAuts
     D:3: 128 daAuts
     D:2: 105 daAuts
